 Dungeon Sprint DCSS version 0.30-a0-585-g93115170b9 (webtiles) character file.

Game seed: 16873286752600565341

5900000 mhtbhm the Axe Maniac (level 20, -10/216 HPs)
             Began as a Minotaur Monk on Jan 1, 2023.
             Was the Champion of Makhleb.
             Mangled by a bag of meat
             ... wielding a +9 war axe
              (33 damage)
             ... in the Dungeon (Sprint VIII: "Arena of Blood").
             The game lasted 00:02:03 (59 turns).

mhtbhm the Axe Maniac (Minotaur Monk)                 Turns: 59, Time: 00:02:04

Health: -10/216    AC:  4    Str: 23    XL:     20   Next: 93%
Magic:  17/34      EV: 27    Int:  7    God:    Makhleb [******]
Gold:   0          SH:  0    Dex: 15    Spells: 37/37 levels left

rFire   . . .      SeeInvis .    j - +∞ Axe of Woe
rCold   . . .      Faith    .    (shield currently unavailable)
rNeg    . . .      Spirit   .    b - +0 robe
rPois   .          Reflect  .    (helmet restricted)
rElec   .          Harm     .    (no cloak)
rCorr   .          Rampage  .    (no gloves)
Will    +....      NoTele   +    (no boots)
Stlth   +++++++++                (no amulet)
HPRegen 0.56/turn                f - +30 ring of slaying
MPRegen 0.24/turn                l - +250 ring of slaying

@: hasted, very quick
A: horns 2, retaliatory headbutt
a: Renounce Religion, Minor Destruction, Lesser Servant of Makhleb, Major
Destruction, Greater Servant of Makhleb


You were in the Dungeon.
You worshipped Makhleb.
Makhleb was exalted by your worship.
You visited 1 branch

Inventory:

Hand Weapons
 a - a +0 hand axe
 j - the +∞ Axe of Woe (weapon)
   (You found it in the Dungeon)
Armour
 b - a +0 robe (worn)
Jewellery
 f - a +30 ring of slaying (left hand)
 k - a +30 ring of slaying
 l - a +250 ring of slaying (right hand)
Scrolls
 i - a scroll of blinking
Potions
 c - a potion of ambrosia
 d - a potion of curing
 e - a potion of heal wounds
 g - 2 potions of magic
 h - a potion of berserk rage


   Skills:
 O Level 27 Fighting
 - Level 13.8(16.2) Short Blades
 - Level 15.0(17.5) Long Blades
 O Level 27 Axes
 - Level 15.0(24.2) Maces & Flails
 - Level 15.0(24.2) Polearms
 - Level 15.0(19.7) Staves
 - Level 13.8 Ranged Weapons
 - Level 12.8 Throwing
 + Level 26.1 Armour
 O Level 27 Dodging
 O Level 27 Stealth
 - Level 15.0 Shields
 - Level 13.8 Unarmed Combat
 - Level 9.1 Spellcasting
 - Level 9.9 Conjurations
 - Level 10.2 Hexes
 - Level 9.9 Summonings
 - Level 9.9 Necromancy
 - Level 10.0 Translocations
 - Level 10.8 Transmutations
 - Level 9.9 Fire Magic
 - Level 9.9 Ice Magic
 - Level 9.9 Air Magic
 - Level 10.8 Earth Magic
 - Level 11.1 Poison Magic
 + Level 23.1 Invocations
 - Level 13.1 Evocations


You had 37 spell levels left.
You didn't know any spells.
Your spell library was empty.

Dungeon Overview and Level Annotations

Branches:
Dungeon (1/1)

Altars:
Makhleb


Innate Abilities, Weirdness & Mutations

You have a pair of horns on your head.
You reflexively headbutt those who attack you in melee.


Message History

You hear a shout!
Your Armour skill gained 7 levels and is now at level 22!
Your Invocations skill gained 5 levels and is now at level 19!
Unknown command.
The bag of meat shouts!
You slice the bag of meat!!
You cleave the bag of meat in twain.
You kill the bag of meat!
Makhleb accepts your kill.
You feel better.
You cut the destroyer into ribbons!!!!
You slaughter the destroyer joyfully.
You destroy the destroyer!
Makhleb accepts your kill.
You feel better.
You hear a shout! x3
The sculptor of flesh is engulfed in blazing flames.
You hear a shout!
The accursed gestures at you while chanting.
Something smites you!
A tyrant comes into view.
The tyrant waves its bony arms in wide circles.
The air twists around and strikes you!!!
* * * LOW HITPOINT WARNING * * *
Your Armour skill gained 4 levels and is now at level 26!
Your Invocations skill gained 4 levels and is now at level 23!
Unknown command.
A bag of meat and a destroyer come into view.
The destroyer is wielding a +9 heavy great sword.
The destroyer shouts!
You hear a shout! x5
A tyrant comes into view.
You hear a shout! x2
An eight-headed meat hydra comes into view.
You hear a shout!
The eight-headed meat hydra calls on the powers of darkness!
The eight-headed meat hydra convulses!
Your body is wracked with pain!
* * * LOW HITPOINT WARNING * * *
The bag of meat convulses!
The meat berserker convulses!
The bag of meat convulses!
The eight-headed meat hydra convulses!
The eight-headed meat hydra roars!
The bag of meat hits you with a +9 war axe!!
You die...

O#....... #.... .#
.....#.... #.oD. ..#
..#......###Oz.. ..###.
...M..........###......
......#........_......
....#.....O.#.....#
#......))..#_.D._#
#.)..§☼○#)....#..
......#@§§§)D)._......
.......oz)))))###......
.....§..§###))°....###.
.oL.o..... #☼).....#
...O....o..#.......#
..#o.......V........ .
.#.#...L§.........
.#.#.....L.........
o.........


You could see an accursed, 3 tyrants, 2 eight-headed meat hydras, a destroyer, 2
sculptors of flesh, a large bag of meat (inner flame), 2 meat berserkers and 6
bags of meat.

Vanquished Creatures
  A royal mummy (D)
  7 vampire knights (D)
  4 ogres (D)
  3 two-headed ogres (D)
  21 orcs (D)
  4 skeletal warriors (D)
40 creatures vanquished.

Notes
Turn   | Place    | Note
-------+----------+-------------------------------------------
     0 | D        | Found the +∞ Axe of Woe
     0 | D        | mhtbhm the Minotaur Monk began the quest for the Orb.
     0 | D        | Reached XP level 1. HP: 19/19 MP: 0/0
     2 | D        | Noticed a bag of meat
     4 | D        | Became a worshipper of Makhleb the Destroyer
     4 | D        | Reached * piety under Makhleb
     4 | D        | Reached ** piety under Makhleb
     5 | D        | Noticed a bag of meat
     6 | D        | Noticed a bag of meat
     8 | D        | Noticed a bag of meat
     9 | D        | Killed a bag of meat
     9 | D        | Noticed a bag of meat
    10 | D        | Reached skill level 5 in Stealth
    10 | D        | Reached XP level 2. HP: 52/52 MP: 1/1
    10 | D        | Reached XP level 3. HP: 59/59 MP: 2/2
    10 | D        | Reached XP level 4. HP: 68/68 MP: 3/3
    10 | D        | Reached XP level 5. HP: 74/74 MP: 4/4
    10 | D        | Reached XP level 6. HP: 82/82 MP: 5/5
    10 | D        | Reached XP level 7. HP: 89/89 MP: 6/6
    10 | D        | Reached XP level 8. HP: 97/97 MP: 7/7
    10 | D        | Reached XP level 9. HP: 104/104 MP: 8/8
    10 | D        | Reached XP level 10. HP: 112/112 MP: 9/9
    10 | D        | Killed a bag of meat
    11 | D        | Reached XP level 11. HP: 124/124 MP: 10/10
    11 | D        | Noticed a bag of meat
    11 | D        | Killed a bag of meat
    11 | D        | Noticed a bag of meat
    12 | D        | Reached XP level 12. HP: 137/137 MP: 11/11
    13 | D        | Noticed a bag of meat
    14 | D        | Killed a bag of meat
    14 | D        | Reached *** piety under Makhleb
    15 | D        | Reached XP level 13. HP: 148/148 MP: 12/12
    16 | D        | Noticed a bag of meat
    16 | D        | Noticed a meat berserker
    16 | D        | Noticed a bag of meat
    16 | D        | Noticed a large bag of meat
    17 | D        | Noticed a bag of meat
    19 | D        | Killed a bag of meat
    20 | D        | Killed a meat berserker
    20 | D        | Noticed a bag of meat
    21 | D        | Reached XP level 14. HP: 163/163 MP: 13/13
    21 | D        | Noticed a meat berserker
    21 | D        | Noticed a bag of meat
    22 | D        | Killed a bag of meat
    22 | D        | Reached **** piety under Makhleb
    22 | D        | Killed a bag of meat
    23 | D        | Reached skill level 27 in Fighting
    23 | D        | Reached skill level 27 in Axes
    23 | D        | Noticed a bag of meat
    23 | D        | Noticed a bag of meat
    24 | D        | Killed a large bag of meat
    24 | D        | Killed a bag of meat
    24 | D        | Killed a bag of meat
    24 | D        | Reached ***** piety under Makhleb
    25 | D        | Reached skill level 27 in Dodging
    25 | D        | Reached XP level 15. HP: 153/174 MP: 14/14
    26 | D        | Noticed a destroyer
    26 | D        | Killed a destroyer
    27 | D        | Noticed a large bag of meat
    29 | D        | Reached XP level 16. HP: 161/183 MP: 15/15
    31 | D        | Noticed a sculptor of flesh
    31 | D        | Killed a sculptor of flesh
    31 | D        | Killed a meat berserker
    31 | D        | Noticed a meat berserker
    32 | D        | Reached skill level 27 in Stealth
    32 | D        | Noticed a sculptor of flesh
    34 | D        | Noticed an eight-headed meat hydra
    37 | D        | Reached skill level 5 in Short Blades
    37 | D        | Reached skill level 5 in Long Blades
    37 | D        | Reached skill level 5 in Maces & Flails
    37 | D        | Reached skill level 5 in Polearms
    37 | D        | Reached skill level 5 in Staves
    37 | D        | Reached skill level 5 in Ranged Weapons
    37 | D        | Reached skill level 5 in Armour
    37 | D        | Reached skill level 5 in Shields
    37 | D        | Reached skill level 5 in Unarmed Combat
    37 | D        | Reached skill level 5 in Invocations
    37 | D        | Reached XP level 17. HP: 185/191 MP: 15/20
    38 | D        | Noticed a sculptor of flesh
    38 | D        | Noticed a meat berserker
    38 | D        | Noticed a destroyer
    39 | D        | Killed a meat berserker
    39 | D        | Reached ****** piety under Makhleb
    39 | D        | Killed a large bag of meat
    39 | D        | Noticed a destroyer
    40 | D        | Reached skill level 5 in Hexes
    40 | D        | Reached skill level 5 in Transmutations
    40 | D        | Reached skill level 5 in Earth Magic
    40 | D        | Reached skill level 5 in Poison Magic
    41 | D        | Noticed a destroyer
    42 | D        | Reached skill level 5 in Conjurations
    42 | D        | Reached skill level 5 in Summonings
    42 | D        | Reached skill level 5 in Necromancy
    42 | D        | Reached skill level 5 in Translocations
    42 | D        | Reached skill level 5 in Fire Magic
    42 | D        | Reached skill level 5 in Ice Magic
    42 | D        | Reached skill level 5 in Air Magic
    43 | D        | Killed a sculptor of flesh
    43 | D        | Noticed a large bag of meat
    44 | D        | Noticed a sculptor of flesh
    45 | D        | Noticed an accursed
    45 | D        | Killed a destroyer
    46 | D        | Reached skill level 5 in Spellcasting
    46 | D        | Reached XP level 18. HP: 103/200 MP: 15/25
    46 | D        | Killed a destroyer
    46 | D        | Killed a sculptor of flesh
    46 | D        | Noticed a destroyer
    47 | D        | Reached skill level 10 in Short Blades
    47 | D        | Reached skill level 10 in Long Blades
    47 | D        | Reached skill level 10 in Maces & Flails
    47 | D        | Reached skill level 10 in Polearms
    47 | D        | Reached skill level 10 in Staves
    47 | D        | Reached skill level 10 in Ranged Weapons
    47 | D        | Reached skill level 10 in Armour
    47 | D        | Reached skill level 10 in Shields
    47 | D        | Reached skill level 10 in Unarmed Combat
    47 | D        | Reached skill level 10 in Invocations
    48 | D        | Noticed a sculptor of flesh
    48 | D        | Noticed a destroyer
    49 | D        | Killed a meat berserker
    50 | D        | Reached skill level 10 in Evocations
    52 | D        | Reached skill level 10 in Throwing
    52 | D        | Reached XP level 19. HP: 118/207 MP: 16/28
    52 | D        | Killed a destroyer
    52 | D        | Noticed a meat berserker
    53 | D        | Killed an accursed
    53 | D        | Killed a large bag of meat
    54 | D        | Reached skill level 10 in Transmutations
    54 | D        | Reached skill level 10 in Earth Magic
    54 | D        | Reached skill level 10 in Poison Magic
    54 | D        | Noticed an accursed
    55 | D        | Noticed an accursed
    55 | D        | Killed a destroyer
    55 | D        | Noticed a large bag of meat
    56 | D        | Reached skill level 15 in Long Blades
    56 | D        | Reached skill level 15 in Maces & Flails
    56 | D        | Reached skill level 15 in Polearms
    56 | D        | Reached skill level 15 in Staves
    56 | D        | Reached skill level 15 in Armour
    56 | D        | Reached skill level 15 in Shields
    56 | D        | Reached skill level 10 in Hexes
    56 | D        | Reached skill level 10 in Translocations
    56 | D        | Reached XP level 20. HP: 100/216 MP: 17/32
    56 | D        | Noticed a tyrant
    56 | D        | Noticed a meat berserker
    56 | D        | Noticed a destroyer
    57 | D        | Noticed a meat berserker
    57 | D        | Killed a destroyer
    58 | D        | Killed a destroyer
    58 | D        | Noticed a tyrant
    59 | D        | Noticed a destroyer
    59 | D        | Noticed a tyrant
    59 | D        | Noticed an eight-headed meat hydra
    59 | D        | Mangled by a bag of meat

Illustrated notes

Levels and vault maps discovered:
D:        meatsprint

Skill      XL: |  1  2  3  4  5  6  7  8  9 10 11 12 13 14 15 16 17 18 19 20 |
---------------+-------------------------------------------------------------+-----
Fighting       | 17 20 21 23 25 27 | 27.0
Axes           | 17 20 22 23 26 27 | 27.0
Dodging        | 16 18 19 21 23 27 | 27.0
Stealth        | 5 6 7 8 20 26 27 | 27.0
Short Blades   | 5 8 11 13 | 13.8
Long Blades    | 5 9 11 15 | 15.0
Maces & Flails | 5 9 11 15 | 15.0
Polearms       | 5 9 12 15 | 15.0
Staves         | 5 9 11 15 | 15.0
Ranged Weapons | 5 8 11 13 | 13.8
Throwing       | 4 8 10 12 | 12.8
Armour         | 5 9 12 15 26 | 26.1
Shields        | 5 9 12 15 | 15.0
Unarmed Combat | 5 8 11 13 | 13.8
Spellcasting   | 3 5 7 9 |  9.1
Conjurations   | 3 6 7 9 |  9.9
Hexes          | 3 6 7 10 | 10.2
Summonings     | 3 6 7 9 |  9.9
Necromancy     | 3 6 7 9 |  9.9
Translocations | 3 6 7 10 | 10.0
Transmutations | 3 6 8 10 | 10.8
Fire Magic     | 3 6 7 9 |  9.9
Ice Magic      | 3 6 7 9 |  9.9
Air Magic      | 3 6 7 9 |  9.9
Earth Magic    | 3 6 8 10 | 10.8
Poison Magic   | 3 6 8 11 | 11.1
Invocations    | 5 9 11 14 23 | 23.1
Evocations     | 4 8 10 13 | 13.1

Action                   |  1- 3 |  4- 6 |  7- 9 | 10-12 | 13-15 | 16-18 | 19-21 || total
-------------------------+-------+-------+-------+-------+-------+-------+-------++-------
Melee: Executioner's axe |     1 |       |       |     3 |     6 |    10 |     5 ||    25
  Use: Potion            |     1 |       |       |       |       |       |       ||     1
 Stab: Distracted        |       |       |       |       |     1 |       |       ||     1
Dodge: Dodged            |       |       |       |       |       |     1 |       ||     1

Table legend: (Time is in decaauts)
 A = Elapsed time spent in this place.
 B = Non-inter-level travel time spent in this place.
 C = Inter-level travel time spent in this place.
 D = Time resting spent in this place.
 E = Time spent auto-exploring this place.
 F = Levels seen in this place.
 G = Mean time per level.
                   A        B        C        D        E       F      G
               +--------+--------+--------+--------+--------+-----+--------+
         Total |     35 |     35 |      0 |      0 |      0 |   1 |   35.0 |
       Dungeon |     35 |     35 |      0 |      0 |      0 |   1 |   35.0 |
               +--------+--------+--------+--------+--------+-----+--------+

Top non-repeatable levels by time:
       D: 35 daAuts
